AoeStats
← jeibanez

Oasis

508533741Analyzed
4v4 RM · 8d ago on Sep 22, 2026· 74m 4s· 8 players
Game mode
Random Map
Map size
Large (8 player)
Population
200
Speed
Normal
Resources
Standard
Victory
Conquest
Starting age
Dark Age
Ending age
Imperial Age
RankedLock teamsTeams togetherTeam positionsShared explorationLock speedFull tech treeHidden civsTurbo modeCheats
Victory
Defeat
🇧🇷 Britons · Brazil
1204
+15
🇹🇷 Koreans · Türkiye
1113
+19
🇧🇷 Magyars · Brazil
1110
+19
🇧🇷 Franks · Brazil
1073
+20
🇨🇷 Ethiopians · Costa Rica
1224
-21
🇨🇴 Khitans · Colombia
1220
-20
🇨🇴 Varangians · Colombia
1127
-16
🇨🇴 Hindustanis · Colombia
1117
-16
Dougras
5:39 Loom
10:22 Feudal Age
10:53 Double-Bit Axe
16:59 Horse Collar
20:46 Wheelbarrow
23:34 Castle Age
21:44 Stone Mining
21:44 Gold Mining
21:45 Stone Mining
21:45 Gold Mining
23:21 Fletching
23:31 Padded Archer Armor
25:01 Bodkin Arrow
25:28 Crossbowman
27:58 Gold Shaft Mining
27:25 Heavy Plow
27:37 Bow Saw
29:55 Leather Archer Armor
33:45 Yeomen
36:13 Hand Cart
35:44 Town Watch
41:13 Imperial Age
41:24 Caravan
41:41 Arbalester
43:11 Ballistics
43:05 Bracer
43:20 Pikeman
44:01 Squires
43:46 Arson
44:45 Conscription
45:24 Hoardings
45:54 Halberdier
48:36 Scale Mail Armor
51:35 Elite Skirmisher
53:15 Coinage
52:55 Guilds
54:31 Chemistry
53:42 Fortified Wall
53:43 Masonry
53:13 Treadmill Crane
53:30 Murder Holes
54:17 Town Patrol
56:07 Two-Man Saw
55:59 Ring Archer Armor
55:44 Chain Mail Armor
55:39 Forging
57:25 Banking
58:11 Masonry
58:07 Siege Engineers
58:15 Masonry
57:46 Treadmill Crane
62:36 Architecture
62:20 Gambesons
61:56 Man-at-Arms
63:12 Plate Mail Armor
63:17 Iron Casting
72:20 Long Swordsman
74:03 Blast Furnace
72:53 Capped Ram
alwinmonteiro
3:10 Loom
9:45 Feudal Age
20:08 Bloodlines
22:06 Scale Barding Armor
27:12 Double-Bit Axe
27:21 Gold Mining
29:33 Castle Age
29:48 Horse Collar
32:30 Bow Saw
32:43 Chain Barding Armor
32:14 Fletching
32:27 Padded Archer Armor
32:27 Scale Mail Armor
31:50 Pikeman
38:52 Heavy Plow
40:55 Thumb Ring
42:17 Leather Archer Armor
43:05 Bodkin Arrow
49:05 Gold Shaft Mining
49:29 Wheelbarrow
52:41 Imperial Age
rubensleiteramalho
0:26 Loom
10:30 Feudal Age
12:12 Double-Bit Axe
17:42 Castle Age
16:21 Gold Mining
23:52 Scale Barding Armor
25:03 Wheelbarrow
26:31 Forging
26:45 Chain Barding Armor
27:51 Hand Cart
27:51 Husbandry
28:03 Forging
30:29 Iron Casting
33:00 Gold Shaft Mining
32:20 Stone Mining
35:29 Imperial Age
35:40 Fletching
35:42 Cavalier
37:10 Bow Saw
37:20 Chivalry
38:18 Plate Barding Armor
38:44 Blast Furnace
37:10 Paladin
39:43 Murder Holes
39:48 Bodkin Arrow
41:00 Padded Archer Armor
41:20 Caravan
42:13 Leather Archer Armor
42:01 Scale Mail Armor
45:38 Chain Mail Armor
45:06 Elite Throwing Axeman
45:09 Ordonnance Companies
46:38 Coinage
46:12 Pikeman
46:54 Squires
46:49 Gambesons
46:50 Arson
47:39 Plate Mail Armor
47:26 Halberdier
54:20 Banking
12345
0:27 Loom
11:34 Feudal Age
12:18 Double-Bit Axe
19:46 Castle Age
18:15 Gold Mining
18:45 Stone Mining
18:55 Horse Collar
21:01 Heavy Plow
21:12 Bow Saw
22:29 Town Watch
27:38 Wheelbarrow
29:26 Stone Shaft Mining
29:05 Elite Skirmisher
30:20 Fletching
30:00 Pikeman
30:41 Squires
30:26 Arson
33:00 Bodkin Arrow
34:17 Forging
34:07 Scale Mail Armor
34:12 Scale Barding Armor
35:25 Hand Cart
35:47 Gold Shaft Mining
35:40 Crossbowman
36:26 Thumb Ring
38:20 Eupseong
40:52 Imperial Age
38:23 Town Patrol
38:26 Scale Mail Armor
38:08 Treadmill Crane
39:10 Ballistics
39:22 Murder Holes
39:37 Fortified Wall
43:03 Chemistry
41:49 Arrowslits
43:08 Two-Man Saw
41:49 Capped Ram
43:08 Husbandry
44:07 Masonry
44:00 Bracer
45:45 Conscription
45:49 Scale Barding Armor
45:42 Arbalester
48:25 Halberdier
50:49 Iron Casting
50:29 Chain Mail Armor
52:20 Caravan
54:09 Plate Mail Armor
54:00 Chain Barding Armor
59:03 Architecture
58:38 Siege Engineers
61:24 Heavy Rocket Cart
67:02 Light Cavalry
67:03 Cavalier
67:51 Hussar
Ctrl Gio
6:13 Loom
9:02 Feudal Age
9:57 Double-Bit Axe
16:23 Forging
23:25 Castle Age
22:47 Scale Barding Armor
22:40 Gold Mining
24:45 Iron Casting
25:55 Bow Saw
27:08 Domestication
28:54 Husbandry
29:00 Light Cavalry
30:29 Chain Barding Armor
32:54 Town Watch
34:05 Town Patrol
34:41 Wheelbarrow
35:44 Hand Cart
38:57 Imperial Age
37:47 Pastoralism
39:06 Heavy Camel Rider
39:07 Elite Steppe Lancer
42:26 Plate Barding Armor
43:21 Hussar
44:21 Caravan
52:10 Transhumance
52:44 Two-Man Saw
55:55 Coinage
57:43 Banking
59:38 Capped Ram
62:45 Siege Ram
Enchiskan
7:19 Loom
9:47 Feudal Age
10:21 Double-Bit Axe
12:00 Bloodlines
12:00 Horse Collar
17:01 Gold Mining
21:28 Castle Age
20:05 Scale Barding Armor
20:56 Forging
20:55 Stone Mining
22:26 Husbandry
27:25 Wheelbarrow
26:36 Town Watch
27:42 Chain Barding Armor
28:15 Stone Shaft Mining
33:20 Bow Saw
34:12 Town Patrol
38:54 Imperial Age
37:18 Iron Casting
38:27 Fletching
38:54 Vendel Legacy
40:05 Conscription
39:12 Cavalier
41:30 Hand Cart
41:16 Elite Jarl
50:11 Bodkin Arrow
50:17 Padded Archer Armor
50:44 Cranequins
51:02 Elite Skirmisher
54:06 Bracer
54:21 Leather Archer Armor
55:46 Ballistics
56:27 Chemistry
58:44 Two-Man Saw
57:49 Heavy Plow
58:59 Ring Archer Armor
62:45 Crop Rotation
67:35 Squires
67:21 Arson
66:57 Pikeman
68:28 Halberdier
alemarioh
6:50 Loom
7:03 Loom
9:54 Feudal Age
10:33 Double-Bit Axe
11:52 Fletching
22:27 Castle Age
22:31 Crossbowman
23:08 Bodkin Arrow
23:14 Gold Mining
24:56 Horse Collar
25:58 Bow Saw
26:30 Gold Shaft Mining
26:06 Heavy Plow
26:45 Stone Mining
29:27 Stone Shaft Mining
31:21 Wheelbarrow
30:31 Town Watch
38:50 Imperial Age
37:49 Padded Archer Armor
38:53 Hand Cart
38:59 Arbalester
40:01 Bracer
48:00 Ballistics
48:40 Chemistry
47:57 Leather Archer Armor
52:15 Thumb Ring
52:36 Conscription
54:44 Onager
57:51 Ring Archer Armor
57:50 Elite Skirmisher
63:42 Halberdier
64:22 Squires
64:24 Scale Mail Armor
64:34 Forging
jeibanez
5:22 Loom
11:47 Feudal Age
12:58 Double-Bit Axe
12:56 Horse Collar
18:19 Forging
18:34 Bloodlines
19:39 Scale Barding Armor
23:28 Castle Age
22:11 Gold Mining
26:23 Husbandry
28:30 Bow Saw
30:04 Iron Casting
30:13 Gold Shaft Mining
31:04 Heavy Plow
31:43 Caravan
32:58 Wheelbarrow
38:59 Imperial Age
37:38 Hand Cart
37:37 Grand Trunk Road
39:08 Heavy Camel Rider
40:52 Blast Furnace
40:13 Chain Barding Armor
40:20 Conscription
41:05 Chemistry
41:19 Imperial Camel Rider
43:29 Plate Barding Armor
42:48 Fletching
44:45 Light Cavalry
45:58 Hussar
53:44 Bodkin Arrow
53:50 Padded Archer Armor
53:33 Elite Skirmisher
54:19 Thumb Ring
65:20 Squires
64:40 Pikeman
Connection lost

Rejoining the realm…

Still unreachable

The connection could not be restored.

Session expired

The server has moved on; the page needs a fresh start.